Map: [ESL] Tropical Sacrifice

Players

MaNa - Winner!

  • Race: Protoss Protoss
  • Spawn Location: 7:00

Vindicta

  • Race: Terran Terran
  • Spawn Location: 1:00

Event: DreamHack SC2 Masters 2022 Valencia

VOD

Have the link to the VOD?

Description

Time

  • Played on: July 1, 2022, 9:47 a.m.
  • Length: 24:39

All games in this series

Show
View Real Time Build Order
Export as new Build Order

MaNa Protoss - Winner!

Build Orders: 1 Gate Expand, Oracle Opening 

Get SALT Encoding   

  12  0:00  Probe  
  13  0:12  Probe  
  14  0:19  Pylon  
  14  0:24  Probe (Chrono Boost)  
  15  0:38  Probe (Chrono Boost), Gateway  
  16  0:45  Probe (Chrono Boost)  
  16  0:46  Assimilator  
  17  0:52  Probe  
  18  1:04  Probe  
  19  1:16  Probe  
  20  1:25  Cybernetics Core  
  20  1:36  Nexus  
  20  1:43  Pylon  
  20  1:46  Probe  
  21  1:53  Assimilator  
  21  1:58  Probe  
  21  1:59  Adept (Chrono Boost)  
  24  2:10  Probe  
  25  2:18  Stargate  
  26  2:22  Probe (Chrono Boost)  
  26  2:29  Stalker  
  28  2:35  Probe (Chrono Boost)  
  29  2:37  Warp Gate  
  29  2:40  Probe (Chrono Boost)  
  30  2:48  Probe  
  30  2:49  Probe  
  32  2:59  Shield Battery  
  32  3:00  Probe  
  32  3:02  Oracle (Chrono Boost)  
  35  3:11  Probe  
  36  3:12  Probe  
  37  3:23  Probe  
  37  3:25  Probe  
  39  3:32  Oracle (Chrono Boost)  
  42  3:35  Probe  
  42  3:37  Probe  
  44  3:47  Probe  
  45  3:51  Pylon  
  45  3:52  Probe  
  46  4:05  Probe x2  
  46  4:17  Probe x2  
  48  4:28  Twilight Council  
  48  4:29  Probe x2, Forge  
  50  4:41  Nexus  
  50  4:44  Probe x2  
  52  4:51  Stalker  
  53  4:56  Probe x2  
  53  4:57  Gateway  
  54  5:01  Gateway  
  54  5:05  Charge  
  54  5:06  Protoss Ground Weapons Level 1  
  54  5:10  Pylon  
  54  5:20  Assimilator  
  54  5:25  Pylon, Assimilator  
  54  5:28  Probe x2, Phoenix  
  58  5:30  Sentry  
  60  5:40  Probe x2, Robotics Facility  
  62  5:52  Probe x2  
  62  5:55  Probe  
  65  6:04  Probe x2  
  65  6:05  Gateway  
  65  6:07  Probe  
  65  6:08  Gateway  
  68  6:16  Probe x2  
  70  6:19  Probe  
  70  6:23  Zealot x3  
  77  6:27  Immortal (Chrono Boost)  
  77  6:29  Robotics Bay  
  81  6:33  Pylon  
  81  6:37  Pylon  
  81  6:39  Probe  
  82  6:40  Probe x2  
  82  6:46  Shield Battery  
  84  6:48  Pylon  
  84  6:49  Pylon  
  84  6:58  Zealot x2  
  88  7:02  Gateway  
  88  7:05  Gateway  
  88  7:10  Gateway  
  88  7:12  Gateway  
  88  7:13  Probe x2  
  88  7:15  Colossus (Chrono Boost)  
  90  7:16  Protoss Ground Weapons Level 2 (Chrono Boost)  
  90  7:19  Extended Thermal Lance  
  96  7:25  Zealot x2  
  97  7:34  Zealot x3  
  103  7:41  Probe x3  
  106  7:45  Templar Archives  
  106  7:48  Zealot x2  
  110  7:52  Colossus (Chrono Boost)  
  116  8:01  Probe  
  116  8:02  Probe x2  
  115  8:11  Phoenix  
  117  8:20  Blink  
  117  8:23  Assimilator  
  117  8:25  Nexus  
  117  8:36  Photon Cannon  
  117  8:47  Pylon  
  117  8:48  Pylon  
  117  8:49  Pylon  
  117  8:53  Pylon  
  117  9:00  Pylon  
  117  9:01  Warp Prism  
  117  9:05  Probe x3  
  117  9:07  High Templar x2  
  117  9:08  High Templar x2, Zealot x5  
  117  9:09  Pylon  
  138  9:13  Archon  
  138  9:14  Archon  
  138  9:16  Photon Cannon  
  138  9:17  Probe x3  
  138  9:18  Photon Cannon  
  138  9:20  Pylon  
  141  9:29  Probe x3, Forge  
  141  9:31  Robotics Facility x2, Gateway x2  
  144  9:35  Assimilator  
  144  9:41  Probe x2  
  143  9:47  Stalker x5  
  153  9:53  Probe  
  153  9:55  Probe x2  
  153  9:58  Disruptor  
  157  10:02  Probe  
  157  10:05  Probe  
  159  10:14  Probe x3  
  161  10:19  Stalker  
  161  10:20  Stalker  
  166  10:27  Zealot x7  
  166  10:28  Zealot x2  
  184  10:35  Disruptor  
  187  10:40  Disruptor (Chrono Boost)  
  162  10:50  Zealot x8  
  164  10:57  Probe  
  164  10:58  Disruptor (Chrono Boost)  
  156  11:07  Disruptor (Chrono Boost)  
  149  11:13  Stalker x4  
  149  11:14  Protoss Ground Armor Level 1 (Chrono Boost)  
  149  11:16  Nexus  
  155  11:22  Protoss Ground Weapons Level 3 (Chrono Boost)  
  155  11:24  Disruptor (Chrono Boost)  
  155  11:25  Disruptor (Chrono Boost)  
  153  11:30  Photon Cannon, Shield Battery  
  159  11:34  High Templar  
  159  11:35  High Templar  
  159  11:36  Zealot x4  
  171  11:40  Archon, Warp Prism (Chrono Boost)  
  173  11:50  Probe x2  
  173  11:51  Assimilator  
  173  11:52  Assimilator  
  173  11:53  Observer (Chrono Boost), Pylon  
  176  11:54  Pylon  
  172  12:04  Pylon  
  143  12:17  Disruptor x3 (Chrono Boost)  
  143  12:20  Stalker  
  143  12:21  Stalker x3, Zealot x7  
  161  12:43  Stalker x2  
  161  12:44  Stalker x3, Zealot x5  
  171  12:45  Disruptor (Chrono Boost)  
  171  12:47  Shield Battery  
  171  13:05  Colossus  
  173  13:10  Gravitic Drive  
  173  13:15  Zealot x9  
  173  13:16  Zealot x2  
  197  13:20  Observer x2  
  197  13:32  Protoss Ground Armor Level 2 (Chrono Boost)  
  187  13:42  Stalker x3  
  172  14:02  Immortal x2  
  178  14:05  Zealot x11  
  200  14:14  Gravitic Boosters (Chrono Boost)  
  200  14:16  Observer  
  198  14:20  Assimilator  
  198  14:22  Dark Shrine  
  198  14:24  Assimilator  
  198  14:25  High Templar  
  198  14:26  High Templar  
  198  14:30  Archon  
  200  14:36  Nexus  
  199  14:38  Pylon  
  199  14:39  Observer  
  197  14:54  Stalker  
  197  14:55  Stalker  
  198  15:10  Observer  
  198  15:12  Stalker x2  
  200  15:20  Fleet Beacon  
  198  15:22  Stargate  
  198  15:24  Stargate  
  198  15:27  Zealot x6  
  200  15:34  Protoss Air Weapons Level 1  
  200  15:40  Pylon  
  190  15:44  Dark Templar x2  
  190  15:45  Dark Templar, Zealot x2  
  188  16:02  Dark Templar x4  
  196  16:12  Archon  
  196  16:13  Archon, Dark Templar x2  
  200  16:23  Dark Templar  
  200  16:29  Shield Battery  
  200  16:31  Protoss Ground Armor Level 3 (Chrono Boost), Shield Battery  
  200  16:48  Protoss Shields Level 1 (Chrono Boost)  
  166  17:10  Disruptor x2 (Chrono Boost)  
  166  17:14  Disruptor (Chrono Boost)  
  166  17:15  Stalker x5  
  179  17:16  Zealot x6  
  197  17:23  Photon Cannon  
  197  17:31  Shield Battery  
  197  17:39  Protoss Air Weapons Level 2 (Chrono Boost)  
  197  17:42  Shield Battery  
  191  17:45  Nexus, Disruptor (Chrono Boost)  
  191  17:46  Observer x2 (Chrono Boost)  
  195  18:04  Shadow Stride (Chrono Boost)  
  195  18:07  Observer, Stargate x2  
  195  18:10  Nexus  
  195  18:12  Pylon  
  196  18:17  Disruptor  
  178  18:21  Dark Templar, Zealot x10  
  180  18:29  Disruptor  
  180  18:30  Disruptor  
  168  18:45  Dark Templar x7  
  168  18:46  Dark Templar  
  184  18:55  Disruptor  
  184  19:00  Stalker x3  
  193  19:03  Assimilator  
  193  19:04  Assimilator  
  193  19:05  Disruptor  
  193  19:06  Observer  
  196  19:21  Zealot  
  196  19:22  Zealot x5  
  196  19:23  Observer  
  200  19:25  Assimilator  
  200  19:27  Assimilator  
  199  19:38  Protoss Shields Level 2  
  194  20:05  Tempest  
  194  20:06  Tempest  
  190  20:15  Tempest  
  195  20:27  Gateway  
  193  20:29  Gateway  
  164  20:39  Disruptor x2  
  164  20:42  Zealot x11  
  183  20:54  Tempest x2  
  190  20:57  Tempest  
  188  21:14  Stalker x2  
  188  21:16  Disruptor x2  
  180  21:33  Zealot x3  
  180  21:34  Zealot x7  
  180  21:38  Disruptor  
  197  21:41  Observer  
  197  21:43  Stalker x2  
  197  21:45  Probe  
  192  21:55  Disruptor x2  
  195  22:28  Disruptor  
  196  22:30  Disruptor  
  168  23:05  Stalker x4  
  168  23:06  Stalker x8  
  168  23:12  Tempest x2  
  198  23:14  Observer  
  192  23:32  Dark Templar x3  
  182  23:37  Unknown  
  182  23:40  Observer  
  182  23:44  Zealot x9  
  200  23:54  Tempest  
  199  23:58  Nexus  
  199  24:04  Pylon  
  199  24:06  Pylon  
  193  24:22  Dark Templar x3  
  194  24:35  Zealot x4  
Show
View Real Time Build Order
Export as new Build Order

Vindicta Terran 

Build Orders: Reaper Expand 

Get SALT Encoding   

  12  0:00  SCV  
  13  0:12  SCV  
  14  0:17  Supply Depot  
  14  0:24  SCV  
  15  0:39  SCV  
  15  0:40  Barracks  
  16  0:45  Refinery  
  16  0:51  SCV  
  17  1:03  SCV  
  18  1:15  SCV  
  19  1:28  Orbital Command  
  19  1:29  Reaper  
  20  1:48  Command Center  
  20  1:55  SCV  
  20  2:00  Bunker  
  22  2:03  Marine  
  22  2:09  Supply Depot  
  22  2:10  SCV  
  23  2:19  Factory  
  23  2:30  Marine  
  23  2:31  SCV  
  25  2:39  Bunker  
  25  2:41  Refinery  
  25  2:43  SCV  
  26  2:50  Barracks Reactor  
  26  2:55  SCV  
  27  3:07  SCV  
  27  3:08  Hellion  
  27  3:10  Orbital Command  
  30  3:15  Starport  
  30  3:22  SCV  
  30  3:26  Marine x2  
  33  3:31  Factory Tech Lab  
  33  3:34  SCV  
  33  3:38  SCV  
  33  3:39  Supply Depot  
  35  3:44  Marine x2  
  35  3:47  SCV  
  38  3:54  SCV  
  39  3:58  Factory Tech Lab  
  39  3:59  SCV  
  39  4:01  Marine  
  39  4:02  Marine  
  42  4:08  Viking  
  37  4:19  Marine x2  
  37  4:24  Cyclone  
  41  4:25  SCV x2  
  43  4:37  SCV x2, Marine  
  46  4:43  Barracks  
  44  4:46  Raven  
  44  4:49  SCV, Marine  
  44  4:50  SCV  
  48  5:01  SCV  
  48  5:04  Barracks, Supply Depot  
  48  5:05  Marine  
  50  5:14  Refinery  
  51  5:15  Siege Tank  
  51  5:16  SCV  
  54  5:25  SCV, Marine  
  54  5:28  SCV, Supply Depot  
  57  5:37  Engineering Bay  
  57  5:38  SCV, Marine  
  57  5:39  Marine  
  57  5:40  SCV  
  57  5:41  Stimpack  
  61  5:48  Supply Depot  
  61  5:50  SCV, Starport Reactor  
  61  5:52  SCV  
  61  5:56  Marine  
  64  6:00  Marine, Combat Shield  
  64  6:01  Marine, Factory Reactor  
  66  6:04  Marine  
  66  6:08  SCV  
  67  6:12  Terran Infantry Weapons Level 1  
  67  6:14  Marine  
  69  6:18  SCV, Marine  
  69  6:19  Marine  
  69  6:20  SCV  
  69  6:24  Marauder  
  74  6:27  Medivac  
  74  6:30  SCV  
  74  6:31  Marine  
  75  6:33  SCV  
  75  6:36  Supply Depot  
  75  6:37  Marauder  
  78  6:48  Medivac  
  78  6:49  Marauder, Widow Mine x2  
  86  6:57  SCV  
  86  6:59  Supply Depot, Marauder  
  90  7:02  Marine  
  90  7:09  Marine  
  90  7:10  Marine  
  90  7:11  SCV  
  90  7:12  SCV  
  90  7:14  Command Center  
  94  7:21  Medivac, Widow Mine x2  
  101  7:24  SCV  
  101  7:26  Supply Depot  
  101  7:29  Supply Depot  
  102  7:36  SCV, Supply Depot  
  101  7:40  Marine  
  101  7:41  Concussive Shells  
  101  7:42  Barracks x2  
  102  7:47  SCV  
  102  7:48  SCV  
  104  7:51  Marine  
  104  7:52  Refinery, Marauder  
  105  7:58  Marine  
  105  7:59  Marauder  
  105  8:00  Medivac  
  105  8:05  SCV  
  111  8:09  Marine  
  111  8:11  SCV  
  111  8:13  Marauder  
  111  8:17  SCV  
  111  8:18  Terran Infantry Armor Level 1  
  116  8:20  Marauder, Widow Mine  
  116  8:23  SCV  
  116  8:24  Medivac, Marine  
  122  8:35  Barracks Tech Lab, Barracks Reactor, Marauder  
  122  8:37  Viking  
  122  8:39  SCV  
  122  8:40  Widow Mine  
  123  8:43  Orbital Command  
  123  8:47  SCV  
  124  8:51  SCV  
  124  8:53  Marauder  
  124  8:54  Viking  
  131  8:59  Supply Depot  
  131  9:01  SCV  
  134  9:05  SCV  
  133  9:11  Bunker  
  133  9:12  Viking, Refinery  
  133  9:14  Sensor Tower  
  133  9:15  SCV x2  
  133  9:16  Marine  
  138  9:18  SCV  
  138  9:21  Marine  
  138  9:22  Marauder x2  
  138  9:23  Supply Depot  
  138  9:27  Marauder  
  138  9:28  SCV x2  
  138  9:30  SCV  
  143  9:33  Bunker  
  143  9:40  SCV  
  143  9:42  Refinery, SCV  
  143  9:44  Marauder x2  
  147  9:45  Supply Depot  
  147  9:47  Command Center  
  147  9:48  Marauder  
  147  9:50  Supply Depot  
  149  9:53  Ghost Academy  
  149  9:59  Viking, SCV x2  
  153  10:05  Marauder  
  157  10:10  Viking  
  160  10:15  SCV  
  160  10:16  Armory  
  160  10:17  Marauder  
  160  10:18  Engineering Bay  
  160  10:19  SCV  
  161  10:22  Marauder  
  161  10:25  Enhanced Shockwaves  
  161  10:27  Marauder  
  163  10:29  Viking  
  163  10:38  Ghost, Marine x2  
  162  10:46  Command Center  
  162  10:49  SCV  
  150  10:52  Marine  
  150  10:55  SCV  
  141  10:57  Marine  
  141  11:01  SCV  
  141  11:02  SCV  
  140  11:08  SCV  
  142  11:14  SCV x2  
  142  11:18  Terran Infantry Armor Level 2, Terran Infantry Weapons Level 2  
  136  11:20  SCV  
  136  11:23  Medivac x2  
  142  11:26  SCV x2  
  142  11:29  Marine  
  142  11:31  Marine x2  
  142  11:32  SCV  
  146  11:33  Refinery  
  146  11:34  Marauder  
  146  11:35  Marauder  
  146  11:38  SCV  
  146  11:39  Marine  
  154  11:40  Marauder  
  154  11:47  Supply Depot, Marine  
  154  11:49  Supply Depot  
  154  11:53  Medivac  
  157  11:56  Ghost  
  157  11:57  Marine  
  159  12:06  Marauder  
  159  12:08  SCV  
  145  12:13  Marine  
  145  12:14  Marine, Medivac  
  148  12:19  SCV x2  
  150  12:23  Terran Ship Weapons Level 1, Marine  
  150  12:27  Marine  
  150  12:29  SCV  
  154  12:31  Supply Depot  
  154  12:32  SCV  
  154  12:34  Planetary Fortress  
  154  12:35  Missile Turret  
  154  12:36  Marine  
  153  12:37  Marine  
  153  12:38  Marine  
  153  12:40  Marine  
  153  12:41  Marine  
  153  12:44  Marauder  
  159  12:45  Marine  
  160  12:52  SCV  
  147  13:01  Marine, Marauder  
  147  13:02  Marine x2  
  147  13:03  Marine  
  147  13:04  SCV  
  147  13:05  Missile Turret  
  149  13:06  Refinery  
  149  13:10  Barracks x2, Liberator  
  148  13:17  Marauder  
  148  13:18  Marine  
  152  13:20  Marine  
  152  13:22  Marauder  
  152  13:23  Barracks, Marine  
  152  13:24  Marine  
  152  13:26  SCV  
  156  13:27  Marine  
  156  13:36  Marine  
  156  13:37  Marine  
  156  13:39  SCV, Marauder  
  156  13:41  Marine  
  159  13:42  Marine  
  159  13:43  Marauder  
  159  13:46  Marine  
  163  13:53  SCV  
  163  13:54  Marine  
  146  13:55  Marine  
  146  14:00  SCV x3  
  149  14:05  SCV  
  149  14:08  Barracks Tech Lab  
  152  14:12  SCV  
  152  14:13  SCV x2  
  153  14:20  Marauder x2  
  153  14:23  Starport Reactor  
  154  14:24  Marine  
  154  14:25  Barracks Tech Lab  
  154  14:27  Refinery  
  154  14:31  Missile Turret, SCV, Marine x2, Marauder  
  155  14:32  Marine  
  155  14:34  Missile Turret  
  158  14:39  SCV x2  
  158  14:41  Marine  
  158  14:45  Marine  
  167  14:46  Widow Mine x2  
  167  14:49  Marine  
  167  14:53  Marine x2, Marauder  
  167  14:57  Terran Infantry Weapons Level 3  
  167  14:59  Marine  
  174  15:02  Terran Vehicle Weapons Level 1  
  174  15:04  SCV  
  172  15:08  Liberator x2  
  172  15:09  Supply Depot  
  172  15:10  SCV  
  172  15:13  Marine  
  178  15:21  Terran Infantry Armor Level 3  
  173  15:28  Widow Mine  
  172  15:36  Marauder x3  
  177  15:49  Marauder x2  
  176  15:51  Viking  
  176  15:54  Command Center  
  178  15:58  Marauder x3  
  178  16:01  SCV, Missile Turret  
  178  16:02  Supply Depot  
  185  16:10  Marauder x2  
  187  16:15  SCV x2  
  187  16:17  Missile Turret  
  187  16:21  Missile Turret  
  187  16:28  Refinery, Fusion Core, Starport  
  187  16:31  Marine x2, Marauder  
  187  16:32  Marauder  
  193  16:33  Marine, Marauder  
  192  16:56  Terran Ship Weapons Level 2  
  185  17:07  Marine x2, Marauder  
  168  17:09  Medivac  
  168  17:10  Medivac  
  172  17:25  Marine x3  
  172  17:26  Marine, Missile Turret  
  172  17:27  Marauder  
  172  17:28  Refinery  
  174  17:30  SCV  
  174  17:32  SCV  
  174  17:34  Neosteel Armor  
  174  17:35  Advanced Ballistics  
  174  17:36  Starport Reactor  
  172  17:38  SCV  
  172  17:39  Liberator  
  172  17:42  Reaper  
  172  17:43  SCV  
  178  17:46  SCV  
  178  17:49  Liberator  
  182  17:53  Refinery, Planetary Fortress  
  182  17:57  SCV  
  183  17:58  Refinery, Hi-Sec Auto Tracking  
  164  18:24  Marine  
  164  18:25  Marine, Marauder  
  164  18:26  Marine x2, Marauder  
  164  18:27  Marine, Marauder, Liberator  
  163  18:29  Medivac x2, Marauder  
  163  18:32  SCV, Liberator  
  166  18:42  Marine x2  
  166  18:46  Marauder  
  170  18:51  Marine x3, Marauder x2  
  170  18:53  Ghost Academy  
  170  18:54  Marauder  
  179  18:59  Liberator x2  
  185  19:07  Marauder  
  185  19:09  Liberator  
  189  19:13  Marauder  
  189  19:15  Liberator  
  192  19:19  Missile Turret  
  192  19:22  Ghost x2  
  192  19:23  Ghost  
  195  19:28  Ghost  
  197  19:33  Ghost  
  197  19:34  Reaper  
  197  19:36  Personal Cloaking  
  200  19:43  Sensor Tower  
  200  19:51  Command Center  
  200  19:52  Sensor Tower  
  195  20:09  Liberator  
  195  20:10  Marine  
  199  20:23  SCV  
  200  20:32  Liberator  
  200  20:34  Marine x2, Marauder  
  198  20:42  Ghost  
  195  20:43  Marine  
  195  20:44  Marauder  
  200  21:10  Command Center  
  197  21:12  Viking  
  197  21:13  Marine  
  197  21:14  Command Center  
  194  21:18  Viking  
  194  21:20  Marine  
  194  21:25  Barracks  
  198  21:26  Viking  
  198  21:29  Barracks, Liberator  
  194  21:34  SCV  
  194  21:36  SCV  
  193  21:42  Liberator  
  193  21:44  Marauder  
  193  21:46  Marauder  
  193  21:47  Marine x3, Marauder x3  
  167  21:48  Liberator  
  167  21:49  Marine  
  171  21:56  Liberator  
  174  22:04  Marine x2  
  174  22:05  Marine  
  174  22:06  Marauder  
  174  22:07  Marine, Marauder  
  180  22:09  Marauder x3  
  180  22:12  Liberator  
  186  22:22  Marine x3  
  178  22:25  Marine, Liberator  
  178  22:27  Marauder, Command Center  
  178  22:28  Marine x2  
  178  22:29  Ghost x3, Marauder  
  186  22:31  Medivac  
  193  22:40  Marine  
  193  22:42  Marine x2  
  196  22:47  Viking, Ghost  
  196  22:51  SCV  
  198  22:57  Ghost  
  198  22:58  Ghost  
  189  23:04  Marine  
  163  23:08  Viking  
  163  23:09  Viking  
  163  23:12  Marine x2  
  141  23:28  Marine  
  141  23:30  Marine  
  141  23:35  SCV  
  141  23:37  SCV  
  141  23:41  Marine  
  142  23:47  SCV  
  137  23:49  Planetary Fortress  
  137  23:51  Viking  
  137  23:53  Marine x3, Marauder  
  140  23:58  Marine x2  
  140  23:59  Marauder  
  145  24:02  Marine  
  145  24:06  SCV x3  
  145  24:07  SCV  
  141  24:18  Marine  
  141  24:19  Marine  

Tags
 
Add a new tag
Caveats
  • Supply blocks, unpowered buildings, or Contaminate may cause inaccurate times.
  • Supply counts are checked every 10 seconds.